 Dungeon Crawl Stone Soup version 0.31.0-32-g396128a36d (webtiles) character file.

Game seed: 10685995811854781796

17742 elguitar the Basher (level 12, -1/107 HPs)
             Began as a Minotaur Berserker on Mar 28, 2024.
             Was a High Priest of Trog.
             Slain by an orc high priest
             ... wielding a +0 halberd
              (2 damage)
             ... on level 1 of the Orcish Mines on Apr 11, 2024.
             The game lasted 01:03:58 (15807 turns).

elguitar the Basher (Minotaur Berserker)           Turns: 15807, Time: 01:03:59

Health: -1/107     AC: 13    Str: 32    XL:     12   Next: 21%
Magic:  11/11      EV: 12    Int:  4    God:    Trog [*****.]
Gold:   900        SH:  0    Dex: 11    Spells: 11/11 levels left

rFire   . . .        t - +3 flail (heavy)
rCold   + . .        (no shield)
rNeg    . . .        l - +0 chain mail
rPois   +            (helmet restricted)
rElec   .            C - +0 cloak of Icilust {rPois rC+}
rCorr   .            (no gloves)
SInv    .            (no boots)
Will    ++...        k - amulet of faith Stlth
                     P - +6 ring of strength
HPRegen 1.37/turn    (no ring)
MPRegen 0.12/turn

%: faith
@: strong-willed (expiring), spiked, on berserk cooldown, regenerating
(expiring), slowed, very slow
A: horns 2, retaliatory headbutt
a: Renounce Religion, Berserk, Trog's Hand, Brothers in Arms


You were on level 1 of the Orcish Mines.
You worshipped Trog.
Trog was extremely pleased with you.
You visited 2 branches of the dungeon, and saw 13 of its levels.

You collected 900 gold pieces.

Inventory:

Hand Weapons
 a - a +0 hand axe
 c - a +1 short sword of speed
 o - a +0 eveningstar of draining
 t - a +3 heavy flail (weapon)
 w - a +3 great sword
 x - a +0 hand axe
 I - a +2 heavy hand axe
 K - a +0 antimagic battleaxe
 L - a +6 great sword of holy wrath
 M - a +3 scimitar of flaming
Missiles
 g - 18 boomerangs
 n - 4 atropa-tipped darts
 p - 21 poisoned darts (quivered)
Armour
 b - a +1 animal skin
 i - a +0 cloak
 l - a +0 chain mail (worn)
 B - +1 acid dragon scales
 C - the +0 cloak of Icilust (worn) {rPois rC+}
   (You acquired it on level 11 of the Dungeon)

   rC+:       It protects you from cold.
   rPois:     It protects you from poison
 G - +0 steam dragon scales
 N - a +2 ring mail of cold resistance
Jewellery
 k - an amulet of faith (around neck)
 P - a +6 ring of strength (left hand)
 Q - a ring of magical power
Wands
 y - a wand of light (2)
 z - a wand of flame (28)
 F - a wand of polymorph (6)
 H - a wand of roots (6)
Scrolls
 j - a scroll of fear
 s - 4 scrolls of identify
 A - 2 scrolls of fog
 J - 2 scrolls of noise
Potions
 d - 7 potions of curing
 e - a potion of brilliance {unknown}
 f - a potion of degeneration {unknown}
 h - a potion of haste {unknown}
 m - 6 potions of enlightenment
 q - a potion of ambrosia
 r - a potion of magic {unknown}
 u - 3 potions of mutation {unknown}
 v - 2 potions of heal wounds
 D - a potion of might {unknown}


   Skills:
 + Level 10.4 Fighting
 - Level 8.8(12.8) Axes
 * Level 14.8(15.7) Maces & Flails
 + Level 3.2 Throwing
 + Level 11.7 Armour
 + Level 7.3 Dodging


You had 11 spell levels left.
You didn't know any spells.
Your spell library was empty.

Dungeon Overview and Level Annotations

Branches:
Dungeon (12/15)            Temple (0/1) D:5            Lair (0/5) D:9
    Orc (1/2) D:9

Altars:
Makhleb
Ru
Trog
Xom

Shops:
D:5 (


Innate Abilities, Weirdness & Mutations

You have a pair of horns on your head.
You reflexively headbutt those who attack you in melee.


Message History

The orc high priest prays to Beogh.
The orc high priest utters an invocation to Beogh.
You barely miss the orc wizard.
You headbutt the orc wizard, but do no damage.
You feel the effects of Trog's Hand fading.
The orc high priest hits you from afar with a +0 halberd!
* * * LOW HITPOINT WARNING * * *
Your ogre goes berserk!
The orc high priest misses you.
The orc wizard casts a spell.
The orc wizard flickers and vanishes!
Deactivating autopickup; reactivate with Ctrl-A.
The orc high priest utters an invocation to Beogh.
Something hits you but does no damage.
Hit: t) +3 flail (heavy)
Press: ? - help, Dir - move target, f - red devil, p - orc high priest
Aim: a red devil, wielding a +0 trident (summoned, about 38% to evade your +3 heavy flail)
Okay, then.
You closely miss the red devil. You headbutt the red devil.
The red devil is lightly wounded.
The neqoxec disappears in a puff of smoke!
The sixfirhy closely misses you. The sixfirhy barely misses you.
You furiously retaliate!
You headbutt the sixfirhy! The sixfirhy misses you.
Your ogre closely misses the red devil.
The orc high priest misses you. The red devil closely misses you.
The sixfirhy closely misses you.
You thump the sixfirhy!
The sixfirhy is heavily wounded.
The sixfirhy hits you. The sixfirhy shocks you!
* * * LOW HITPOINT WARNING * * *
The sixfirhy closely misses you. The sixfirhy hits you.
* * * LOW HITPOINT WARNING * * *
The sixfirhy shocks you!
* * * LOW HITPOINT WARNING * * *
Your ogre closely misses the red devil.
The orc high priest barely misses you.
The red devil hits you with a +0 trident!
* * * LOW HITPOINT WARNING * * *
Barbed spikes become lodged in your body.
Your ogre closely misses the red devil.
The orc high priest hits you from afar with a +0 halberd.
You die...

##### #O4@# ###3####
###.o.o..#
#.#..ยง...###
#..........#
...####.........##
.................##
$..o.$............###
....o.....#.........#


You could see an orc high priest, a sixfirhy (summoned), a red devil (summoned,
ally target) and a friendly ogre (summoned, berserk).

Vanquished Creatures
  A centaur warrior (D:10)
  A two-headed ogre (D:8)
  A tengu warrior (D:10)
  Urug (D:11)
  An arcanist (D:10)
  Pikel (D:5)
  A cyclops (D:11)
  Maurice (D:7)
  An ugly thing (D:11)
  Maggie (D:7)
  Joseph (D:7)
  A gargoyle (D:12)
  An efreet (D:10)
  3 kobold demonologists
  2 hornets
  4 trolls
  Grinder (D:5)
  2 wraiths
  3 shadows
  21 yaks
  2 vampire mosquitoes (D:10)
  A warg (Orc:1)
  3 steam dragons
  3 water moccasins
  11 orc warriors
  2 ice beasts
  A black bear (D:6)
  2 sky beasts
  The ghost of Peloso the Trooper, an amateur MiFi (D:3)
  3 centaurs
  2 ogres
  5 phantoms
  A lemure (D:5)
  4 bullfrogs
  A kobold brigand (D:9)
  A gnoll sergeant (D:10)
  3 scorpions
  Blork the orc (D:5)
  A wight (D:7)
  9 killer bees
  7 howler monkeys
  A crimson imp (D:6)
  6 hounds
  2 jellies (D:7)
  5 orc priests
  2 bombardier beetles
  4 gnoll boudas
  Jessica (D:3)
  6 iguanas
  10 orc wizards
  22 gnolls
  9 adders
  A shadow imp (D:6)
  3 ufetubi
  A ribbon worm (D:2)
  3 dart slugs
  37 orcs
  10 endoplasms
  3 giant cockroaches
  4 goblins
  8 hobgoblins
  4 jackals (D:1)
  8 kobolds
  6 quokkas
  8 ball pythons
  6 bats
  4 frilled lizards
  7 rats
294 creatures vanquished.

Notes
Turn   | Place    | Note
-------+----------+-------------------------------------------
     0 | D:1      | elguitar the Minotaur Berserker began the quest for the
                  | Orb.
     0 | D:1      | Reached XP level 1. HP: 19/19 MP: 0/0
    27 | D:1      | Found a faded altar of an unknown god.
   232 | D:1      | Reached XP level 2. HP: 27/27 MP: 1/1
   526 | D:1      | Reached ** piety under Trog
   527 | D:1      | Reached XP level 3. HP: 33/33 MP: 2/2
  1858 | D:3      | Found a large runed translucent door.
  1858 | D:3      | Found a large runed translucent door.
  1859 | D:3      | Noticed Peloso's ghost (amateur MiFi)
  1892 | D:3      | Noticed a phantom
  1908 | D:3      | Killed a phantom
  1909 | D:3      | Reached skill level 5 in Axes
  1909 | D:3      | Reached XP level 4. HP: 32/41 MP: 3/3
  2052 | D:3      | Reached XP level 5. HP: 47/47 MP: 4/4
  2163 | D:3      | Noticed Jessica
  2167 | D:3      | Killed Jessica
  2170 | D:3      | Reached skill level 5 in Fighting
  2355 | D:3      | Reached *** piety under Trog
  2657 | D:4      | Noticed a phantom
  3148 | D:4      | Reached XP level 6. HP: 33/56 MP: 5/5
  3355 | D:4      | Reached XP level 7. HP: 51/62 MP: 6/6
  4163 | D:4      | Reached skill level 1 in Throwing
  4322 | D:5      | Entered Level 5 of the Dungeon
  4469 | D:5      | Found a staircase to the Ecumenical Temple.
  4547 | D:5      | Noticed Blork the orc
  4557 | D:5      | Killed Blork the orc
  4681 | D:5      | Found Mackim's Antique Weapon Shoppe.
  4683 | D:5      | Noticed Grinder
  4686 | D:5      | Noticed Pikel
  4702 | D:5      | Killed Pikel
  4703 | D:5      | Reached skill level 5 in Dodging
  4703 | D:5      | Reached XP level 8. HP: 41/71 MP: 7/7
  4708 | D:5      | Killed Grinder
  4709 | D:5      | Reached skill level 1 in Maces & Flails
  4949 | D:5      | Reached skill level 2 in Maces & Flails
  5024 | D:5      | Reached skill level 3 in Maces & Flails
  5024 | D:5      | Reached skill level 5 in Armour
  5030 | D:5      | Reached skill level 4 in Maces & Flails
  5030 | D:5      | Reached XP level 9. HP: 28/79 MP: 8/8
  5034 | D:5      | Reached **** piety under Trog
  5709 | D:5      | Reached skill level 5 in Maces & Flails
  6331 | D:3      | Killed Peloso's ghost
  6531 | D:4      | Reached skill level 6 in Maces & Flails
  7283 | D:6      | Reached skill level 7 in Maces & Flails
  7802 | D:6      | Reached skill level 8 in Maces & Flails
  8054 | D:6      | Found a burning altar of Makhleb.
  8054 | D:6      | Found a shimmering altar of Xom.
  8187 | D:7      | Noticed Maggie
  8274 | D:7      | Reached ***** piety under Trog
  8286 | D:7      | Reached XP level 10. HP: 78/88 MP: 9/9
  8319 | D:7      | Reached skill level 9 in Maces & Flails
  9062 | D:7      | Noticed Joseph
  9073 | D:7      | Killed Joseph
  9074 | D:7      | Reached skill level 10 in Maces & Flails
  9085 | D:7      | Killed Maggie
  9312 | D:7      | Noticed Maurice
  9316 | D:7      | Something stole 527 gold
  9317 | D:7      | Something stole 8 boomerangs
  9320 | D:7      | Something stole a +1 short sword of speed
  9370 | D:7      | Killed Maurice
  9597 | D:7      | Reached skill level 11 in Maces & Flails
 10363 | D:8      | Noticed a two-headed ogre
 10385 | D:8      | Killed a two-headed ogre
 10896 | D:9      | Identified the +2 cloak "Heukk" {rF++ Str+3 Int+3 Dex-2}
 11047 | D:9      | Reached XP level 11. HP: 93/97 MP: 10/10
 11067 | D:9      | Reached skill level 12 in Maces & Flails
 11431 | D:9      | Found a staircase to the Orcish Mines.
 11769 | D:9      | Found a staircase to the Lair.
 11884 | D:10     | Entered Level 10 of the Dungeon
 11958 | D:10     | Reached skill level 13 in Maces & Flails
 12416 | D:10     | Reached ****** piety under Trog
 12416 | D:10     | Received a gift from Trog
 12596 | D:10     | Found a sacrificial altar of Ru.
 12625 | D:10     | Noticed a tengu warrior
 12637 | D:10     | Killed a tengu warrior
 12638 | D:10     | Reached skill level 10 in Armour
 12640 | D:10     | Noticed an arcanist
 12641 | D:10     | Noticed a centaur warrior
 12645 | D:10     | Killed an arcanist
 12648 | D:10     | Killed a centaur warrior
 13120 | D:10     | Found a bloodstained altar of Trog.
 13479 | D:11     | Reached skill level 10 in Fighting
 13479 | D:11     | Reached skill level 14 in Maces & Flails
 13513 | D:11     | Noticed a cyan ugly thing
 13515 | D:11     | Noticed Urug
 13516 | D:11     | Killed a cyan ugly thing
 13525 | D:11     | Killed Urug
 14249 | D:11     | Reached XP level 12. HP: 96/106 MP: 11/11
 15433 | D:12     | Noticed a two-headed ogre
 15639 | D:11     | Identified a scroll of acquirement
 15639 | D:11     | Acquired the +0 cloak of Icilust {rPois rC+}
 15745 | Orc:1    | Entered Level 1 of the Orcish Mines
 15762 | Orc:1    | Noticed an orc high priest
 15807 | Orc:1    | HP: 1/107 [red devil/+0 trident[an orc high priest] (8)]
 15807 | Orc:1    | Slain by an orc high priest

Illustrated notes

Levels and vault maps discovered:
D:1:      minmay_arrival_doors, layout_loops_ring, basic_ecumenical_altar,
          chequers_serial_rivers_micro_c
D:2:      layout_rooms, serial_bayou_lake_a
D:3:      cheibrodos_greedy_goblins, layout_basic, ebering_ghost_disaster_area,
          uniq_jessica
D:4:      layout_layer_cave, mainiacjoe_sewer_entry_somewhere_in_here_1
D:5:      layout_basic, minmay_temple_entry_stoned_glass, serial_shops,
          shop_coins, grunt_ministairs_8, kennysheep_crisscross,
          chequers_serial_rivers_micro_e, chequers_jeans,
          chequers_serial_rivers_room_b, uniq_grinder, uniq_pikel,
          uniq_blork_the_orc
D:6:      layout_gridville, grunt_temple_overflow_champion_of_chaos
D:7:      minmay_s_stair_smasher, layout_loops_ring, uniq_maggie, uniq_maurice,
          uniq_joseph
D:8:      layout_loops_ring, lemuel_flamethrower_2
D:9:      layout_loops_ring, lair_entry_dummy, orc_0_dummy,
          minmay_misc_feat_nine_boxes
D:10:     minmay_blocky_corners, layout_loops_ring, hangedman_ru_absence,
          mainiacjoe_overflow_alcove_1
D:11:     layout_loops_ring, special_room [special_room_orc], uniq_urug
D:12:     cheibrodos_breeding_chamber, layout_basic
Orc:1:    layout_diamond_mine

Skill      XL: |  1  2  3  4  5  6  7  8  9 10 11 |
---------------+----------------------------------+-----
Fighting       | 4 5 6 7 9 10 | 10.4
Axes           | 4 5 6 7 8 |  8.8
Dodging        | 3 4 5 6 7 |  7.3
Throwing       | 1 2 3 |  3.2
Armour         | 4 5 7 9 11 | 11.7
Maces & Flails | 4 8 11 14 | 14.8

Action                     |  1- 3 |  4- 6 |  7- 9 | 10-12 || total
---------------------------+-------+-------+-------+-------++-------
  Melee: Hand axe          |    95 |    62 |    57 |       ||   214
         Headbutt          |    15 |     7 |    30 |    76 ||   128
         Punch             |     2 |     1 |     2 |     2 ||     7
         Flail             |       |       |   155 |   375 ||   530
  Throw: Boomerang         |     2 |       |       |       ||     2
         Dart              |       |     2 |    10 |    17 ||    29
 Invoke: Berserk           |       |     2 |     2 |     7 ||    11
         Trog's Hand       |       |     1 |       |     1 ||     2
         Brothers in Arms  |       |       |       |     1 ||     1
    Use: Scroll            |       |     6 |     6 |     7 ||    19
         Potion            |       |       |     2 |     1 ||     3
   Stab: Sleeping          |     1 |       |       |       ||     1
 Armour: Animal skin       |    52 |    47 |     3 |       ||   102
         Chain mail        |       |       |   193 |   379 ||   572
  Dodge: Dodged            |    57 |    58 |   131 |   191 ||   437
